 Dungeon Crawl Stone Soup version 0.22.0-49-gab54619 (webtiles) character file.

3096 chorionicmirror the Carver (level 10, -2/79 HPs)
             Began as a Formicid Fighter on Sept 3, 2018.
             Was a Priest of Makhleb.
             Killed from afar by an electric eel (5 damage)
             ... with a bolt of electricity
             ... in the Ecumenical Temple.
             The game lasted 00:31:52 (8446 turns).

chorionicmirror the Carver (Formicid Fighter)       Turns: 8446, Time: 00:31:52

Health: -2/79      AC: 12    Str: 24    XL:     10   Next: 13%
Magic:  11/11      EV:  8    Int:  8    God:    Makhleb [***...]
Gold:   403        SH: 13    Dex: 12    Spells: 9/9 levels left

rFire    . . .     SeeInvis +   q - +0 great sword
rCold    . . .     Gourm    +   c - +1 shield
rNeg     . . .     Faith    .   u - +0 chain mail
rPois    .         Spirit   .   (helmet unavailable)
rElec    .         Reflect  .   a - scarf {repulsion}
rCorr    .         Harm     .   m - +0 pair of gloves
MR       +....                  (no boots)
Stlth    ..........             t - amulet of the gourmand
HPRegen  0.23/turn              (no ring)
MPRegen  0.12/turn              (no ring)

@: repel missiles
A: permanent stasis, dig shafts and tunnels, four strong arms, antennae 3, icy
blue scales 1, agile 1
a: Dig, Shaft Self, Minor Destruction, Lesser Servant of Makhleb, Renounce
Religion


You were in the Ecumenical Temple.
You worshipped Makhleb.
Makhleb was most pleased with you.
You were completely stuffed.

You visited 2 branches of the dungeon, and saw 8 of its levels.

You collected 403 gold pieces.

Inventory:

Hand Weapons
 i - a +2 flail of protection
 q - a +0 great sword (weapon)
Missiles
 e - 46 sling bullets
 h - 3 throwing nets (quivered)
Armour
 a - a scarf of repulsion (worn)
 c - a +1 shield (worn)
 m - a +0 pair of gloves (worn)
 u - a +0 chain mail (worn)
Jewellery
 t - an amulet of the gourmand (around neck)
Wands
 g - a wand of digging (7)
 l - a wand of acid (7)
Scrolls
 d - 2 scrolls of enchant armour
 j - 2 scrolls of amnesia
 o - 6 scrolls of identify
Potions
 k - 2 potions of mutation
 n - a potion of magic
 r - a potion of berserk rage
Comestibles
 f - 9 rations
 p - 3 chunks of flesh


   Skills:
 + Level 7.2 Fighting
 * Level 10.0 Long Blades
 - Level 3.2 Armour
 - Level 9.0 Shields
 + Level 2.1 Invocations


You had 9 spell levels left.
You didn't know any spells.
Your spell library contained the following spells:

 Spells                   Type           Power        Failure   Level  Hunger
 Corona                   Hex            #......      97%         1    ##.....
 Ensorcelled Hibernation  Hex/Ice        #.....       99%         2    ###....
 Confuse                  Hex            #.......     100%        3    ####...
 Dazzling Spray           Conj/Hex       #.....       100%        3    ####...
 Tukima's Dance           Hex            #.......     100%        3    ####...


Dungeon Overview and Level Annotations

Branches:
Dungeon (7/15)             Temple (1/1) D:7

Altars:
Ashenzari
Cheibriados
Dithmenos
Elyvilon
Fedhas
Gozag
Hepliaklqana
Kikubaaqudgha
Makhleb
Nemelex Xobeh
Qazlal
Sif Muna
Trog
Uskayaw
Vehumet
Wu Jian
Xom
Yredelemnul
Zin
The Shining One


Innate Abilities, Weirdness & Mutations

You cannot be hasted, slowed, berserked, paralysed or teleported.
You can dig through walls and to a lower floor.
Your four strong arms can wield two-handed weapons with a shield.
You have a pair of large antennae on your head. (SInv)
You are partially covered in icy blue scales. (AC +2)
You are agile. (Dex +2)


Message History

Unknown command.
You are too injured to fight recklessly!
Unknown command.
Okay, then.
You barely miss the electric eel.
The electric eel is severely wounded.
The electric eel shoots out a bolt of lightning at you!
The bolt of electricity hits you!
* * * LOW HITPOINT WARNING * * *
The electric eel shoots out a bolt of lightning at you!
The bolt of electricity hits you!
* * * LOW HITPOINT WARNING * * *
The electric eel shoots out a bolt of lightning at you!
The bolt of electricity hits the electric eel.
The electric eel completely resists.
The bolt of electricity hits you!
* * * LOW HITPOINT WARNING * * *
It was a potion of cancellation.
You feel magically purged.
The electric eel shoots out a bolt of lightning at you!
The bolt of electricity hits you!
You die...

#############
#...........#####
................####
......8............###
_..........._........###
.......................##
...#######......<.......##
####≈≈≈≈≈####............##
#;≈≈≈≈≈≈≈≈≈≈###.@.........#
≈≈≈≈≈≈≈≈≈≈≈≈≈;#....._.....##
≈≈≈≈≈≈≈≈≈≈≈≈≈;;##..........#
≈≈≈≈≈≈ ≈≈≈≈≈≈≈;;#..........#
≈≈≈≈ ≈≈≈≈≈≈≈≈#....._....#
≈≈≈≈≈ ≈≈≈≈≈≈≈≈≈#..........#
≈≈≈≈≈≈≈≈≈≈≈≈≈≈≈##..........#
;≈≈≈≈≈≈≈≈≈≈≈≈≈##...._.....##
#;;;≈≈≈≈≈≈≈≈###...........#


You could see 5 electric eels.

Vanquished Creatures
  A troll (D:7)
  A hippogriff (D:7)
  Sigmund (D:3)
  An orc warrior (D:7)
  A sky beast (D:5)
  An ice beast (D:7)
  3 ogres
  A necrophage (D:6)
  A centaur (D:5)
  A bullfrog (D:5)
  A scorpion (D:6)
  9 wights
  An electric eel (Temple)
  A centaur zombie (D:5)
  2 crimson imps (D:6)
  3 bullfrog zombies
  A jelly (D:5)
  3 quasits (D:5)
  7 orc wizards
  3 orc priests
  2 hounds
  Jessica (D:7)
  2 iguanas (D:4)
  Ijyb (D:4)
  A statue (D:4)
  5 worker ants
  A howler monkey zombie (D:5)
  Robin (D:4)
  7 gnolls (D:5)
  2 howler monkey skeletons (D:4)
  11 adders
  An ooze (D:5)
  3 worms (D:2)
  6 dart slugs
  9 leopard geckos
  28 orcs
  7 bats
  3 giant cockroaches
  10 goblins
  22 hobgoblins
  11 jackals
  5 kobolds
  A quokka (D:3)
  A ball python (D:2)
  7 frilled lizards
  A leopard gecko skeleton (D:4)
  10 rats
202 creatures vanquished.

Vanquished Creatures (collateral kills)
  A wight (D:5)
1 creature vanquished.

Vanquished Creatures (others)
  A frilled lizard (D:3)
1 creature vanquished.

Grand Total: 204 creatures vanquished

Notes
Turn   | Place    | Note
-------+----------+-------------------------------------------
     0 | D:1      | chorionicmirror the Formicid Fighter began the quest for
                  | the Orb.
     0 | D:1      | Reached XP level 1. HP: 18/18 MP: 1/1
   151 | D:1      | Reached XP level 2. HP: 24/24 MP: 2/2
   792 | D:1      | Reached XP level 3. HP: 25/29 MP: 3/3
  1338 | D:2      | Reached skill level 5 in Shields
  1338 | D:2      | Reached XP level 4. HP: 34/35 MP: 4/4
  1420 | D:2      | Reached skill level 3 in Long Blades
  1459 | D:2      | Found a shadowy altar of Dithmenos.
  1569 | D:2      | Found a burning altar of Makhleb.
  1569 | D:2      | Found an opulent altar of Gozag.
  1574 | D:2      | Became a worshipper of Makhleb the Destroyer
  1607 | D:2      | Reached XP level 5. HP: 32/41 MP: 5/5
  2226 | D:3      | Found a glowing golden altar of the Shining One.
  2305 | D:3      | Reached XP level 6. HP: 19/47 MP: 6/6
  2360 | D:3      | Noticed Sigmund
  2366 | D:3      | Found a bloodstained altar of Trog.
  2380 | D:3      | Killed Sigmund
  2380 | D:3      | Reached skill level 4 in Long Blades
  2380 | D:3      | Reached XP level 7. HP: 22/52 MP: 7/7
  2571 | D:3      | Reached * piety under Makhleb
  2887 | D:3      | Gained mutation: You are partially covered in icy blue
                  | scales. (AC +2) [potion of mutation]
  2887 | D:3      | Gained mutation: You are agile. (Dex +2) [potion of
                  | mutation]
  2980 | D:4      | Found a hide-covered altar of Uskayaw.
  3178 | D:4      | Found a radiant altar of Vehumet.
  3289 | D:4      | Reached skill level 5 in Long Blades
  3398 | D:4      | Found a white marble altar of Elyvilon.
  3402 | D:4      | Reached XP level 8. HP: 58/58 MP: 8/8
  3457 | D:4      | Reached ** piety under Makhleb
  3566 | D:4      | Noticed Robin
  3573 | D:4      | Noticed Ijyb
  3586 | D:4      | Killed Ijyb
  3606 | D:4      | Killed Robin
  4118 | D:5      | Entered Level 5 of the Dungeon
  4134 | D:5      | Reached skill level 6 in Long Blades
  4412 | D:5      | Reached skill level 7 in Long Blades
  4642 | D:5      | Reached *** piety under Makhleb
  4952 | D:5      | Reached XP level 9. HP: 16/67 MP: 9/9
  5232 | D:5      | Reached skill level 5 in Fighting
  5804 | D:6      | Reached skill level 8 in Long Blades
  6037 | D:6      | Found a hazy altar of Hepliaklqana.
  7699 | D:7      | Noticed a hippogriff
  7705 | D:7      | Killed a hippogriff
  7705 | D:7      | Reached skill level 9 in Long Blades
  7803 | D:7      | Found an ornate altar of the Wu Jian Council.
  7824 | D:7      | Noticed a troll
  7836 | D:7      | Killed a troll
  7988 | D:7      | Reached XP level 10. HP: 77/77 MP: 10/10
  8104 | D:7      | Reached skill level 1 in Invocations
  8299 | D:7      | Noticed Jessica
  8304 | D:7      | Killed Jessica
  8312 | D:7      | Found a deep blue altar of Sif Muna.
  8353 | D:7      | Found a staircase to the Ecumenical Temple.
  8358 | D:7      | Reached skill level 10 in Long Blades
  8362 | Temple   | Entered the Ecumenical Temple
  8445 | Temple   | HP: 3/79 [electric eel/bolt of electricity (7)]
  8446 | Temple   | Killed from afar by an electric eel

Skill      XL: |  1  2  3  4  5  6  7  8  9 10 |
---------------+-------------------------------+-----
Shields        | 4 5 6 7 8 9 |  9.0
Long Blades    | 3 4 5 7 9 10 | 10.0
Fighting       | 4 6 7 |  7.2
Invocations    | 2 |  2.1
Armour         | |  3.2

Action                   |  1- 3 |  4- 6 |  7- 9 | 10-12 || total
-------------------------+-------+-------+-------+-------++-------
Melee: Long sword        |    92 |   162 |   342 |       ||   596
       Spear             |       |       |   603 |       ||   603
       Scimitar          |       |       |    64 |    29 ||    93
       Great sword       |       |       |       |     9 ||     9
Invok: Minor Destruction |       |       |     7 |       ||     7
       Lesser Servant of |       |       |     2 |       ||     2
 Abil: Dig               |     3 |     1 |     2 |     1 ||     7
  Use: Scroll            |     2 |     1 |     9 |       ||    12
       Potion            |       |     1 |    10 |     1 ||    12
 Stab: Distracted        |       |       |     1 |       ||     1
  Eat: Chunk             |     2 |     4 |    30 |     1 ||    37
       Ration            |       |       |     1 |       ||     1
Armor: Scale mail        |    33 |    72 |   335 |       ||   440
       Skin              |       |       |    13 |       ||    13
       Chain mail        |       |       |    39 |     6 ||    45
Dodge: Dodged            |    26 |    66 |   320 |     6 ||   418
       Deflected         |       |       |       |     1 ||     1
Block: Shield            |    37 |   109 |   680 |     9 ||   835
       Rpst.: Long sword |     9 |    23 |    38 |       ||    70
       Scimitar          |       |       |     5 |     2 ||     7
